 Dungeon Crawl Stone Soup version 0.13-a0-1585-g6f4f798 (webtiles) character file.

153 Koal the Ogre Mage (level 3, -6/28 HPs)
             Began as an Ogre Wizard on June 12, 2013.
             Killed by drain life
             ... invoked by a soul eater
              (14 damage)
             ... on Level 1 of the Abyss.
             The game lasted 00:09:22 (1930 turns).

Koal the Ogre Mage (Ogre Wizard)                    Turns: 1930, Time: 00:09:22

HP  -6/28        AC  3     Str 12      XL: 3   Next: 97%
MP   5/10        EV  9     Int 18      God:
Gold 97          SH  0     Dex  8      Spells:  3 memorised,  5 levels left

Res.Fire  : . . .   See Invis. : .   g - +0,+1 orc club
Res.Cold  : . . .   Warding    : .   a - +0 robe
Life Prot.: . . .   Conserve   : .   (shield restricted)
Res.Poison: .       Res.Corr.  : .   b - +0 wizard hat
Res.Elec. : .       Clarity    : .   (no cloak)
Sust.Abil.: . .     Spirit.Shd : .   (gloves unavailable)
Res.Mut.  : .       Stasis     : .   (boots unavailable)
Res.Rott. : .       Flight     : .   (no amulet)
Saprovore : + . .                    (no ring)
                                     (no ring)

@: slightly resistant to hostile enchantments, unstealthy
A: unfitting armour, fast metabolism 1, saprovore 1, tough skin 1
a: no special abilities


You were on level 1 of the Abyss.
You were not hungry.

You visited 1 branch of the dungeon, and saw 2 of its levels.
You visited the Abyss 1 time.

You collected 77 gold pieces.

Inventory:

Hand weapons
 g - a +0,+1 orcish club (weapon)
Missiles
 i - 11 sling bullets
 m - 5 darts of flame (quivered)
Armour
 a - a +0 robe (worn)
 b - a +0 wizard hat (worn)
Magical devices
 q - a wand of enslavement (17) {unknown}
Comestibles
 d - 2 meat rations
 p - a chunk of giant cockroach flesh
 r - a pear
Scrolls
 f - a scroll of magic mapping {unknown}
 h - a scroll of enchant weapon II {unknown}
 k - a scroll of remove curse {unknown}
 l - a scroll of amnesia {unknown}
 n - 2 scrolls of identify {unknown}
 o - a scroll of acquirement {unknown}
Jewellery
 e - an uncursed ring of sustain abilities {unknown}
Potions
 j - a potion of slowing {unknown}
Books
 c - a book of Minor Magic

   Spells                             Type                      Level
   *Magic Dart                        Conjuration                  1
   *Blink                             Translocation                2
   *Call Imp                          Summoning                    2
   Repel Missiles                     Charms/Air                   2
   Slow                               Hexes                        2
   Conjure Flame                      Conjuration/Fire             3
   Mephitic Cloud                     Conjuration/Poison/Air       3


   Skills:
 + Level 2.3 Maces & Flails
 - Level 1.7 Dodging
 - Level 1.5 Stealth
 - Level 4.3 Spellcasting
 - Level 1.0 Conjurations
 + Level 1.1 Summonings
 + Level 1.0 Translocations


You had 5 spell levels left.
You knew the following spells:

 Your Spells              Type           Power        Failure   Level  Hunger
a - Magic Dart            Conj           #...         12%         1    None
b - Blink                 Tloc           N/A          14%         2    #......
c - Call Imp              Summ           #.........   14%         2    #......


Dungeon Overview and Level Annotations

Branches:
Dungeon (2/27)

Altars:


Innate Abilities, Weirdness & Mutations

You are too large for most types of armour.
You have a fast metabolism.
You can tolerate rotten meat.
You have tough skin (AC +1).


Message History

The gnoll is severely wounded.
The gnoll picks up a spear.
Casting: Magic Dart
Confirm with . or Enter, or press ? or * to list all spells.
A beastly little devil appears in a puff of frigid air.
The gnoll hits you from afar with a halberd of distortion!
* * * LOW HITPOINT WARNING * * *
You are cast into the Abyss!
To return, you must find a gate leading back.
You sense a powerful magical force warping space.
Found a scroll labeled XIFRUA CRIJIZ.
Found 31 gold pieces.
Found a pear.
o - a scroll labeled XIFRUA CRIJIZ You now have 97 gold pieces (gained 31).
r - a pear A soul eater comes into view.
The soul eater draws from the surrounding life force!
Ouch! That really hurt!
You die...

. # #. ..#. .. .
.#. ##. #. .. ..
#.#. .# #..###.##.#
#.#.#.3...# #
#.@..# . #
#....#..### .#.# .
#......##...##.. #.
##..#....#..#.#.###
#. #.
#...#......#..# .#.
# ###..#..##. # .#
.. #.#.....#....
.##.
#...#.#...........
#..##.###...... ..


You could see a soul eater.

Vanquished Creatures
  A giant gecko (D:2)
  4 bats
  4 giant cockroaches
  5 hobgoblins
  3 kobolds
  An ooze (D:2)
  3 giant newts
  6 goblins
  A quokka (D:2)
  6 rats
34 creatures vanquished.

Vanquished Creatures (collateral kills)
  Terence (D:2)
  2 gnolls (D:2)
  A goblin (D:2)
4 creatures vanquished.

Vanquished Creatures (others)
  2 crimson imps (D:2)
  A ball python (D:1)
  A giant newt (D:1)
4 creatures vanquished.

Grand Total: 42 creatures vanquished

Notes
Turn   | Place    | Note
--------------------------------------------------------------
     0 | D:1      | Koal, the Ogre Wizard, began the quest for the Orb.
     0 | D:1      | Reached XP level 1. HP: 14/14 MP: 5/5
   248 | D:1      | Reached XP level 2. HP: 22/22 MP: 5/7
   322 | D:1      | Reached skill level 4 in Spellcasting
   334 | D:1      | Reached skill level 1 in Conjurations
   500 | D:1      | Reached skill level 1 in Maces & Flails
  1240 | D:2      | Reached XP level 3. HP: 28/28 MP: 7/10
  1381 | D:2      | Noticed Terence
  1428 | D:1      | Learned a level 2 spell: Blink
  1431 | D:1      | Learned a level 2 spell: Call Imp
  1492 | D:2      | Killed Terence
  1856 | D:2      | Reached skill level 1 in Summonings
  1856 | D:2      | Reached skill level 1 in Translocations
  1898 | D:2      | Cast into the Abyss (gnoll)
  1929 | Abyss:1  | Noticed a soul eater
  1930 | Abyss:1  | Killed from afar by a soul eater

Action                   || total
-------------------------++-------
Melee: Unarmed           ||     7
       Club              ||    47
 Cast: Magic Dart        ||    87
       Call Imp          ||     6
       Blink             ||     1
